 Dungeon Crawl Stone Soup version 0.29.1-1-gd02db6906a (webtiles) character file.

Game seed: 10552694567367274314

24 112233 the Gusty (level 3, 0/17 HPs)
             Began as a Tengu Air Elementalist on Oct 10, 2022.
             Succumbed to an adder's poison
             ... on level 2 of the Dungeon.
             The game lasted 00:01:22 (1099 turns).

112233 the Gusty (Tengu Air Elementalist)           Turns: 1099, Time: 00:01:22

Health: 0/17       AC:  2    Str:  8    XL:     3   Next: 2%
Magic:  1/7        EV: 12    Int: 17    God:
Gold:   16         SH:  0    Dex: 12    Spells: 3/6 levels left

rFire   . . .      SeeInvis .   e - +1 whip (elec)
rCold   . . .      Faith    .   (no shield)
rNeg    . . .      Spirit   .   a - +0 robe
rPois   .          Reflect  .   (helmet restricted)
rElec   .          Harm     .   (no cloak)
rCorr   .          Rampage  .   (no gloves)
Will    .....      Clarity  +   (boots unavailable)
Stlth   ++........              (no amulet)
HPRegen 0.05/turn               (no ring)
MPRegen 0.10/turn               (no ring)

@: lethally poisoned (0 -> -4)
A: beak, talons 3, clarity, clumsy 1, frail 1
a: no special abilities


You were on level 2 of the Dungeon.
You visited 1 branch of the dungeon, and saw 2 of its levels.

You collected 16 gold pieces.

Inventory:

Hand Weapons
 d - a +0 hand axe
 e - a +1 whip of electrocution (weapon)
Armour
 a - a +0 robe (worn)
Jewellery
 c - an amulet of reflection
Potions
 b - a potion of magic


   Skills:
 + Level 2.5 Dodging
 + Level 2.3 Stealth
 + Level 2.2 Spellcasting
 + Level 2.0 Conjurations
 + Level 4.3 Air Magic


You had 3 spell levels left.
You knew the following spells:

 Your Spells              Type           Power      Damage    Failure   Level
a - Shock                 Conj/Air       48%        1d6       4%          1
b - Static Discharge      Conj/Air       12%        3-5/arc   8%          2

Your spell library contained the following spells:

 Spells                   Type           Power      Damage    Failure   Level
 Swiftness                Air            16%        N/A       10%         3
 Summon Guardian Golem    Hex/Summ       1%         N/A       50%         3
 Airstrike                Air            8%         2d(2-18)  32%         4
 Orb of Destruction       Conj           4%         9d5       100%        7
 Spellforged Servitor     Conj/Summ      2%         N/A       100%        7


Dungeon Overview and Level Annotations

Branches:
Dungeon (2/15)

Altars:


Innate Abilities, Weirdness & Mutations

You have a beak for a mouth.
You have claws for feet.
You possess an exceptional clarity of mind.
You are clumsy. (Dex -2)
You are frail. (-10% HP)


Message History

Confirm with . or Enter, or press ? or * to list all spells.
Aiming: Shock (safe; 4% risk of failure)
Press: ? - help, Shift-Dir - straight line, f/p - kobold
Aim: a kobold, wielding a +0 dagger and quivering stones (moderately wounded, 60% to hit)
The zap hits the kobold.
The kobold is severely wounded.
The kobold misses you.
Unknown command.
The adder attacks as you move away! The adder closely misses you.
Unknown command.
You hit the adder. Your kick misses the adder.
The adder is lightly wounded.
The adder bites you.
You are poisoned.
The adder poisons you!
Unknown command.
You barely miss the adder. Your kick misses the adder.
Your peck misses the adder.
The adder is lightly wounded.
You feel sick. The adder misses you. The adder bites you.
You are more poisoned.
The adder poisons you!
It was a potion of mutation.
You feel extremely strange.
You feel clumsy.
You feel frail.
Your thoughts seem clearer.
You feel sick. The adder bites you.
Unknown command.
Unknown command.
As you read the scroll labelled COERORGH UJUMUTWOS, it crumbles to dust.
It is a scroll of identify.
You don't have any unidentified items.
You feel sick. The adder bites you.
* * * LOW HITPOINT WARNING * * *
You closely miss the adder. Your kick misses the adder.
The adder is lightly wounded.
* * * LOW HITPOINT WARNING * * *
You feel sick. The adder closely misses you. The adder barely misses you.
Unknown command.
You closely miss the adder. Your kick misses the adder.
The adder is lightly wounded.
You die...

#######..
#........
#@#
###S##.#
#<.K...#
#.###..#
#.# ..#
#.# .#
#.. .#
### #


You could see an adder and a kobold.

Vanquished Creatures
  2 dart slugs (D:1)
  2 ball pythons (D:1)
  A bat (D:1)
  2 giant cockroaches
  2 goblins (D:1)
  2 hobgoblins (D:1)
  2 jackals (D:1)
  A quokka (D:1)
  A frilled lizard (D:1)
  2 rats (D:1)
17 creatures vanquished.

Notes
Turn   | Place    | Note
-------+----------+-------------------------------------------
     0 | D:1      | 112233 the Tengu Air Elementalist began the quest for the
                  | Orb.
     0 | D:1      | Reached XP level 1. HP: 10/10 MP: 4/4
   200 | D:1      | Reached XP level 2. HP: 15/15 MP: 3/6
   891 | D:1      | Learned a level 2 spell: Static Discharge
  1084 | D:2      | Reached XP level 3. HP: 19/19 MP: 3/7
  1096 | D:2      | Gained mutation: You are clumsy. (Dex -2) [potion of
                  | mutation]
  1096 | D:2      | Gained mutation: You are frail. (-10% HP) [potion of
                  | mutation]
  1096 | D:2      | Gained mutation: You possess an exceptional clarity of
                  | mind. [potion of mutation]
  1099 | D:2      | Succumbed to an adder's poison

Illustrated notes

Levels and vault maps discovered:
D:1:      psy_arrival_wood_between_worlds, layout_loops_ring
D:2:      layout_loops_ring, minmay_box_of_dots

Skill      XL: |  1  2 |
---------------+-------+-----
Conjurations   | 2 |  2.0
Dodging        | |  2.5
Stealth        | |  2.3
Spellcasting   | |  2.2
Air Magic      | |  4.3

Action                   || total
-------------------------++-------
Melee: Whip              ||    13
       Peck              ||     2
       Kick              ||     1
 Cast: Shock             ||    39
  Use: Scroll            ||     1
       Potion            ||     1
Armor: Robe              ||     2
Dodge: Dodged            ||    16
